 Dungeon Crawl Stone Soup version 0.32-a0-656-g3542139ebd (webtiles) character file.

Game seed: 18072297717296929149

11062 seren the Basher (level 11, -4/87 HPs)
             Began as a Demonspawn Fighter on Mar 8, 2024.
             Was an Initiate of Beogh.
             Slain by Harold
             ... wielding a +2 flail of holy wrath
              (6 damage)
             ... on level 10 of the Dungeon.
             The game lasted 00:34:08 (11227 turns).

seren the Basher (Demonspawn Fighter)              Turns: 11227, Time: 00:34:08

Health: -4/87      AC: 14    Str: 20    XL:     11   Next: 44%
Magic:  11/11      EV: 10    Int:  9    God:    Beogh [......]
Gold:   140        SH: 10    Dex: 13    Spells: 10/10 levels left

rFire   + . .        a - +1 whip (venom)
rCold   . . .        c - +0 buckler
rNeg    . . .        k - +1 chain mail {rF+}
rPois   .            (no helmet)
rElec   .            (no cloak)
rCorr   .            A - +0 pair of gloves
SInv    .            (no boots)
Will    .....        y - amulet of reflection Stlth
                     (no ring)
HPRegen 0.34/turn    (no ring)
MPRegen 0.12/turn

%: reflection
@: marked
A: claws 2, ignite blood 1, powered by death 3, sharp scales 1
a: Renounce Religion


You were on level 10 of the Dungeon.
You worshipped Beogh.
Beogh was noncommittal.
You visited 2 branches of the dungeon, and saw 11 of its levels.

You collected 406 gold pieces.
You spent 266 gold pieces at shops.

Inventory:

Hand Weapons
 a - a +1 whip of venom (weapon)
 b - a +3 flail of protection
 F - the +10 spear of Hekkit {vamp, rF+ Dex+3}
   (You found it on level 8 of the Dungeon)

   Dex+3:     It affects your dexterity (+3).
   rF+:       It protects you from fire.
Missiles
 i - a throwing net
 q - 37 poisoned darts (quivered)
 r - a curare-tipped dart
 t - 9 boomerangs
Armour
 c - a +0 buckler (worn)
 k - a +1 chain mail of fire resistance (worn)
 v - the +0 chain mail of Nice Life {rPois Regen+ Str-4 SInv}
   (You bought it in a shop on level 4 of the Dungeon)

   Str-4:     It affects your strength (-4).
   rPois:     It protects you from poison.
   SInv:      It lets you see invisible.
   Regen+:    It increases your rate of health regeneration.
 A - a +0 pair of gloves (worn)
Jewellery
 y - an amulet of reflection (around neck)
 G - an amulet of faith
Wands
 e - a wand of mindburst (17)
 h - a wand of digging (4)
 E - a wand of roots (6)
Scrolls
 l - a scroll of enchant weapon {unknown}
 m - a scroll of amnesia {unknown}
 o - a scroll of revelation {unknown}
 w - a scroll of brand weapon {unknown}
 x - 3 scrolls of fog
 z - a scroll of immolation
Potions
 f - a potion of enlightenment
 g - a potion of magic {unknown}
 n - a potion of resistance {unknown}
 p - 2 potions of brilliance
 s - 2 potions of mutation {unknown}
 u - a potion of lignification {unknown}
 B - 2 potions of attraction {unknown}
 C - 3 potions of ambrosia {unknown}
 H - a potion of berserk rage
Miscellaneous
 D - a phantom mirror (inert)


   Skills:
 + Level 8.7 Fighting
 + Level 9.9 Maces & Flails
 + Level 7.9 Armour
 + Level 5.9 Dodging
 - Level 5.0 Shields
 - Level 5.0 Evocations


You had 10 spell levels left.
You didn't know any spells.
Your spell library contained the following spells:

 Spells                   Type           Power      Damage    Failure   Level
 Sandblast                Erth           0%         2d4       97%         1
 Summon Small Mammal      Summ           0%         N/A       97%         1
 Ensorcelled Hibernation  Hex/Ice        0%         N/A       99%         2
 Fugue of the Fallen      Necr           0%         N/A       100%        3
 Passwall                 Erth           0%         N/A       100%        3
 Stone Arrow              Conj/Erth      0%         3d7       100%        3
 Anguish                  Hex/Necr       0%         N/A       100%        4
 Brom's Barrelling Bould  Conj/Erth      0%         2d3       100%        4
 Summon Blazeheart Golem  Fire/Summ      0%         N/A       100%        4
 Iskenderun's Battlesphe  Conj           0%         2d6       100%        5
 Conjure Ball Lightning   Conj/Air       0%         3x3d6     100%        6
 Summon Cactus Giant      Summ           0%         N/A       100%        6
 Summon Hydra             Summ           0%         N/A       100%        7
 Fire Storm               Conj/Fire      0%         5d1       100%        9


Dungeon Overview and Level Annotations

Branches:
Dungeon (10/15)            Temple (1/1) D:5            Lair (0/5) D:8
    Orc: D:9-12

Altars:
Ashenzari
Cheibriados
Dithmenos
Fedhas
Hepliaklqana
Kikubaaqudgha
Makhleb
Nemelex Xobeh
Okawaru
Ru
Sif Muna
Trog
Uskayaw
Vehumet
Wu Jian
Xom
Yredelemnul

Shops:
D:1 :   D:4 [   D:9 *

Annotations:
D:2 1 runed translucent door, Crazy Yiuf
D:3 2 runed translucent doors
D:6 3 runed translucent doors, BigAl98's ghost, novice CoHu; casual's ghost, novice CoRe
D:7 exclusion: downstairs
D:10 1 runed translucent door, Harold; MirrMurr's ghost, novice DsBe


Innate Abilities, Weirdness & Mutations

You have very sharp fingernails.
Your demonic aura sometimes causes spilled blood to erupt in flames.
You regenerate a lot of health from kills.
You are partially covered in razor-sharp scales. (AC +1, Slay +1)


Message History

Harold is heavily wounded.
You barely miss Harold.
Harold is heavily wounded.
Harold hits you with a +2 flail of holy wrath.
* * * LOW HITPOINT WARNING * * *
You convulse.
* * * LOW HITPOINT WARNING * * *
You barely miss Harold.
Harold is heavily wounded.
Harold hits you with a +2 flail of holy wrath.
* * * LOW HITPOINT WARNING * * *
You convulse.
* * * LOW HITPOINT WARNING * * *
You hit Harold but do no damage.
Harold looks as sick as possible!
Harold is heavily wounded.
You hit Harold.
Harold looks as sick as possible!
Harold is heavily wounded.
You block Harold's attack.
You closely miss Harold.
Harold is heavily wounded.
Harold hits you with a +2 flail of holy wrath!
* * * LOW HITPOINT WARNING * * *
You convulse!
* * * LOW HITPOINT WARNING * * *
Aiming: Mindburst
Press: ? - help, Shift-Dir - straight line, f - Harold
Aim: Harold, wielding a +2 flail of holy wrath, wearing a +0 scale mail and quivering 2 throwing nets (heavily wounded, extremely poisoned, chance to affect: 50%) Harold's mind is blasted!!
You hear an angry hiss.
Harold gestures at you while chanting. A sentinel's mark forms upon you.
Aiming: Mindburst
Press: ? - help, Shift-Dir - straight line, f/p - Harold
Aim: Harold, wielding a +2 flail of holy wrath, wearing a +0 scale mail and quivering 2 throwing nets (almost dead, extremely poisoned, chance to affect: 50%) Harold resists with some effort.
Harold hits you with a +2 flail of holy wrath!
* * * LOW HITPOINT WARNING * * *
You convulse.
You die...
Harold says, "Can't wait to tell my little ones about this."

##.# #.# #.# ## #.#
#.# #.# #.# .
#.#####.# ..#
#.#.....### ...
#.#.###.... .. #.#.#
#.###
#.########.#.###.#
#..@.......#.....#
#...@###############
#.#.. # #.. ##> ##


You could see Harold (extremely poisoned).

Vanquished Creatures
  Erolcha (D:9)
  A boulder beetle (D:8)
  An ugly thing (D:8)
  A gargoyle (D:8)
  A komodo dragon (D:10)
  A freezing wraith (D:9)
  A rime drake (D:8)
  2 polar bears (D:8)
  A troll (D:8)
  Grinder (D:4)
  4 slime creatures
  14 yaks
  A wraith (D:8)
  Eustachio (D:5)
  A wyvern (D:9)
  2 steam dragons
  A water moccasin (D:8)
  An acid dragon (D:10)
  3 black bears
  3 orc warriors
  2 ogres
  5 ice beasts
  A sky beast (D:8)
  2 wolves (D:8)
  3 centaurs
  2 kobold brigands
  4 bullfrogs
  A gnoll sergeant (D:9)
  2 scorpions
  14 wights
  3 killer bees
  A howler monkey (D:8)
  2 bombardier beetles (D:4)
  A gnoll bouda (D:8)
  4 hounds
  2 jellies
  3 iguanas
  3 sleepcaps (D:5)
  4 orc wizards
  Natasha (thrice) (D:4)
  Robin (D:2)
  12 gnolls
  10 adders
  2 shadow imps (D:6)
  A white imp (D:8)
  3 dart slugs
  A ribbon worm (D:4)
  29 orcs
  6 ball pythons
  9 endoplasms
  3 giant cockroaches
  12 goblins
  17 hobgoblins
  7 jackals (D:4)
  4 quokkas
  8 bats
  11 kobolds
  6 rats
246 creatures vanquished.

Vanquished Creatures (others)
  An orc (D:7)
1 creature vanquished.

Grand Total: 247 creatures vanquished

Notes
Turn   | Place    | Note
-------+----------+-------------------------------------------
     0 | D:1      | seren the Demonspawn Fighter began the quest for the Orb.
     0 | D:1      | Reached XP level 1. HP: 18/18 MP: 1/1
    11 | D:1      | Got Jirrit's Information on Force
    98 | D:1      | Reached skill level 2 in Maces & Flails
    98 | D:1      | Gained mutation: You regenerate a little health from kills.
                  | [demonic ancestry]
    98 | D:1      | Reached XP level 2. HP: 22/24 MP: 2/2
   109 | D:1      | Found Rumomad's Book Boutique.
   531 | D:1      | Reached XP level 3. HP: 29/29 MP: 3/3
  1169 | D:2      | Reached XP level 4. HP: 35/35 MP: 4/4
  1339 | D:2      | Noticed Robin
  1356 | D:2      | Killed Robin
  1369 | D:2      | Reached skill level 3 in Maces & Flails
  1488 | D:2      | Found a runed translucent door.
  1489 | D:2      | Noticed Crazy Yiuf
  2060 | D:3      | Found a large runed translucent door.
  2060 | D:3      | Found a large runed translucent door.
  2341 | D:3      | Found an ornate altar of the Wu Jian Council.
  2347 | D:3      | Noticed a spectral centipede
  2347 | D:3      | Noticed a spectral black mamba
  2347 | D:3      | Noticed a spectral cane toad
  2509 | D:3      | Found a shimmering altar of Xom.
  2534 | D:4      | Noticed a black bear
  2578 | D:4      | Found a blossoming altar of Fedhas.
  2602 | D:4      | Reached XP level 5. HP: 42/42 MP: 5/5
  2835 | D:4      | Noticed Natasha
  2841 | D:4      | Killed Natasha
  2891 | D:4      | Noticed Natasha
  2963 | D:4      | Killed Natasha
  2964 | D:4      | Reached skill level 1 in Evocations
  3021 | D:4      | Gained mutation: You regenerate health from kills. [demonic
                  | ancestry]
  3021 | D:4      | Reached XP level 6. HP: 48/48 MP: 6/6
  3039 | D:4      | Noticed Grinder
  3155 | D:3      | Reached skill level 4 in Maces & Flails
  3359 | D:4      | Noticed Natasha
  3374 | D:4      | Killed Natasha
  3555 | D:4      | Killed Grinder
  3556 | D:4      | Gained mutation: You have sharp fingernails. [demonic
                  | ancestry]
  3556 | D:4      | Reached XP level 7. HP: 39/55 MP: 7/7
  4171 | D:4      | Found Hosaypnip's Antique Armour Shoppe.
  4389 | D:5      | Entered Level 5 of the Dungeon
  4494 | D:5      | Reached skill level 5 in Maces & Flails
  4659 | D:5      | Gained mutation: You are partially covered in razor-sharp
                  | scales. (AC +1, Slay +1) [demonic ancestry]
  4659 | D:5      | Reached XP level 8. HP: 53/61 MP: 8/8
  4768 | D:5      | Noticed Eustachio
  4823 | D:5      | Killed Eustachio
  4824 | D:5      | Reached skill level 5 in Fighting
  5097 | D:5      | Found a shadowy altar of Dithmenos.
  5175 | D:5      | Found a bloodstained altar of Trog.
  5211 | D:5      | Found a staircase to the Ecumenical Temple.
  5220 | Temple   | Entered the Ecumenical Temple
  5758 | D:6      | Reached skill level 6 in Maces & Flails
  5762 | D:6      | Reached skill level 5 in Armour
  5860 | D:6      | Found a runed translucent gate.
  5860 | D:6      | Found a runed translucent gate.
  5860 | D:6      | Found a runed translucent gate.
  5863 | D:6      | Noticed BigAl98's ghost (novice CoHu)
  5863 | D:6      | Noticed casual's ghost (novice CoRe)
  6071 | D:6      | Reached skill level 5 in Shields
  6117 | D:6      | Reached skill level 1 in Dodging
  6117 | D:6      | Found a sacrificial altar of Ru.
  6119 | D:6      | Found a shimmering blue altar of Sif Muna.
  6126 | D:6      | Found a sparkling altar of Nemelex Xobeh.
  7275 | D:8      | Gained mutation: Your demonic aura sometimes causes spilled
                  | blood to erupt in flames. [demonic ancestry]
  7275 | D:8      | Reached XP level 9. HP: 51/69 MP: 9/9
  7281 | D:8      | Noticed a polar bear
  7281 | D:8      | Noticed a polar bear
  7882 | D:7      | Reached skill level 7 in Maces & Flails
  8637 | D:8      | Reached skill level 5 in Evocations
  8720 | D:8      | Noticed a rime drake
  8745 | D:8      | Killed a rime drake
  8746 | D:8      | Reached skill level 8 in Maces & Flails
  8746 | D:8      | Gained mutation: You regenerate a lot of health from kills.
                  | [demonic ancestry]
  8746 | D:8      | Reached XP level 10. HP: 55/77 MP: 10/10
  9104 | D:8      | Noticed a gargoyle
  9131 | D:8      | Killed a gargoyle
  9148 | D:8      | Noticed a boulder beetle
  9207 | D:8      | Killed a boulder beetle
  9208 | D:8      | Reached skill level 9 in Maces & Flails
  9506 | D:8      | Found a staircase to the Lair.
  9650 | D:8      | Noticed a green ugly thing
  9662 | D:8      | Killed a green ugly thing
  9672 | D:8      | Identified the +10 spear of Hekkit {vamp, rF+ Dex+3}
  9808 | D:9      | Noticed Erolcha
  9821 | D:9      | Found a basalt altar of Yredelemnul.
  9901 | D:9      | Reached skill level 5 in Dodging
  9911 | D:9      | Gained mutation: You have very sharp fingernails. [demonic
                  | ancestry]
  9911 | D:9      | Reached XP level 11. HP: 73/86 MP: 11/11
  9995 | D:9      | Killed Erolcha
 10300 | D:9      | Found Gitedizua's General Store.
 10338 | D:9      | Got Mosaorph's Octavo of the Boggart
 10355 | D:9      | Became a worshipper of Beogh the Shepherd
 10491 | D:4      | Bought an ichor-stained chain mail for 266 gold pieces
 10491 | D:4      | Identified the +0 chain mail of Nice Life {rPois Regen+
                  | Str-4 SInv} (You bought it in a shop on level 4 of the
                  | Dungeon)
 10848 | D:10     | Entered Level 10 of the Dungeon
 11177 | D:10     | Found a runed translucent door.
 11178 | D:10     | Found a shimmering altar of Xom.
 11178 | D:10     | Noticed MirrMurr's ghost (novice DsBe)
 11178 | D:10     | Noticed a +2 broad axe of chaos
 11207 | D:10     | Noticed Harold
 11227 | D:10     | HP: 2/87 [Harold/+2 flail of holy wrath (14)]
 11227 | D:10     | Slain by Harold

Illustrated notes

Levels and vault maps discovered:
D:1:      minmay_arrival_stair_chambers, layout_loops_ring, serial_shops, shop
D:2:      layout_loops_ring, chequers_serial_rivers_small_a,
          uniq_crazy_yiuf_cottage, uniq_robin
D:3:      due_chaos_kobolds, layout_loops_ring, mainiacjoe_overflow_paths,
          pdpol_wu_jian_five_deadly_venoms, serial_bayou, serial_bayou_ford_a,
          serial_bayou_crossing, serial_bayou_pond_d, serial_bayou_shore_a,
          serial_bayou_lagoon_a
D:4:      layout_cave_pools, fedhas_altar_2, serial_shops,
          nicolae_lakefront_shop, kennysheep_donut, uniq_grinder, uniq_natasha
D:5:      layout_gridville, mainiacjoe_overflow_brackets, trog_ov_bears_minmay,
          minmay_temple_entry_poolview, minmay_fractal_squares_5, uniq_eustachio
D:6:      nicolae_BIG_FREAKIN_CUBE, layout_loops_ring,
          nicolae_overflow_macrodata_refinement, gammafunk_ghost_cemetery,
          abandoned_shop
D:7:      layout_cave_pods, dreamdust_mushroom_princess
D:8:      layout_basic, hellmonk_lair_entry_icy, minmay_pinched_square
D:9:      layout_basic, mainiacjoe_overflow_boulevard, serial_shops,
          nicolae_shop_tiny_waterfront, uniq_erolcha
D:10:     layout_basic, lemuel_doored_altar, old_standard_altar,
          david_orc_1_choice, ebering_ghost_xom, uniq_harold, uniq_amaemon
Temple:   eino_wide_crystal_templ

Skill      XL: |  1  2  3  4  5  6  7  8  9 10 |
---------------+-------------------------------+-----
Maces & Flails | 2 3 4 5 6 8 9 |  9.9
Armour         | 3 4 5 6 7 |  7.9
Shields        | 3 4 5 |  5.0
Evocations     | 1 2 4 5 |  5.0
Fighting       | 4 5 6 8 |  8.7
Dodging        | 1 3 5 |  5.9

Action                     |  1- 3 |  4- 6 |  7- 9 | 10-12 || total
---------------------------+-------+-------+-------+-------++-------
  Melee: Flail             |   130 |   188 |   364 |   232 ||   914
         Whip              |       |       |   124 |   162 ||   286
  Throw: Dart              |       |    24 |    31 |     4 ||    59
 Invoke: Convert to Beogh  |       |       |       |     1 ||     1
  Evoke: Wand              |       |     1 |       |     7 ||     8
         Phantom mirror    |       |       |       |     1 ||     1
    Use: Scroll            |       |     5 |     5 |     4 ||    14
         Potion            |       |     1 |    10 |     5 ||    16
   Stab: Invisible         |       |       |     1 |       ||     1
 Armour: Scale mail        |    60 |       |       |       ||    60
         Chain mail        |    66 |   202 |   458 |   313 ||  1039
  Dodge: Dodged            |    70 |    89 |   193 |   119 ||   471
  Block: Buckler           |    44 |    60 |   282 |   221 ||   607
         Reflection        |       |       |     9 |     2 ||    11

Table legend: (Time is in decaauts)
 A = Elapsed time spent in this place.
 B = Non-inter-level travel time spent in this place.
 C = Inter-level travel time spent in this place.
 D = Time resting spent in this place.
 E = Time spent auto-exploring this place.
 F = Levels seen in this place.
 G = Mean time per level.
                   A        B        C        D        E       F      G
               +--------+--------+--------+--------+--------+-----+--------+
         Total |  11394 |  10457 |    937 |   1697 |   5321 |  11 | 1035.8 |
       Dungeon |  11392 |  10455 |    937 |   1697 |   5321 |  10 | 1139.2 |
        Temple |      1 |      1 |      0 |      0 |      0 |   1 |    1.0 |
               +--------+--------+--------+--------+--------+-----+--------+

Top non-repeatable levels by time:
     D:8: 1650 daAuts
     D:3: 1545 daAuts
     D:6: 1409 daAuts
     D:4: 1382 daAuts
     D:5: 1320 daAuts
     D:7: 1141 daAuts
     D:9: 1040 daAuts
     D:2: 958 daAuts
     D:1: 814 daAuts
    D:10: 129 daAuts
  Temple: 1 daAuts
